 Dungeon Crawl Stone Soup version 0.30-a0-778-g2ef04afb54 (webtiles) character file.

Game seed: 2963408881863237865

1718 Pimp the Purveyor of Pain (level 8, -2/45 (55) HPs)
             Began as a Demonspawn Necromancer on Feb 16, 2023.
             Was an Initiate of Kikubaaqudgha.
             Slain by a wight
             ... wielding a +3 falchion
              (7 damage)
             ... on level 6 of the Dungeon.
             The game lasted 00:33:12 (8157 turns).

Pimp the Purveyor of Pain (Demonspawn Necromancer)  Turns: 8157, Time: 00:33:13

HP:   -2/45 (55)    AC:  7    Str: 13    XL:     8   Next: 75%
MP:   9/15          EV: 13    Int: 17    God:    Kikubaaqudgha [......]
Gold: 361           SH:  0    Dex: 13    Spells: 11/16 levels left

rFire   + + .      SeeInvis .    k - +0 long sword
rCold   . . .      Faith    .    (no shield)
rNeg    . . .      Spirit   .    b - +1 robe of Ignis's Supremacy {rF+ Slay+4}
rPois   .          Reflect  .    m - +1 hat
rElec   .          Harm     .    (no cloak)
rCorr   .          Rampage  .    (no gloves)
Will    .....                    r - +0 pair of boots
Stlth   ++                       (no amulet)
HPRegen 0.27/turn                f - ring of fire
MPRegen 0.14/turn                (no ring)

@: heavily drained
A: claws 1, rugged brown scales 2, cold resistance 1, frail 1, strong 1
a: Renounce Religion


You were on level 6 of the Dungeon.
You worshipped Kikubaaqudgha.
Kikubaaqudgha was noncommittal.
You visited 2 branches of the dungeon, and saw 7 of its levels.

You collected 361 gold pieces.

Inventory:

Hand Weapons
 k - a +0 long sword (weapon)
Missiles
 q - 3 poisoned darts (quivered)
Armour
 a - a +0 robe
 b - the +1 robe of Ignis's Supremacy (worn) {rF+ Slay+4}
   (You found it on level 3 of the Dungeon)

   Slay:      It affects your accuracy & damage with ranged weapons and melee
   (+4).
   rF:        It protects you from fire.
 m - a +1 hat (worn)
 r - a +0 pair of boots (worn)
Jewellery
 f - a ring of fire (left claw)
Scrolls
 d - 4 scrolls of identify
 j - 2 scrolls of amnesia
Potions
 g - a potion of magic


   Skills:
 + Level 3.0 Fighting
 + Level 2.1(3.9) Short Blades
 + Level 5.1(5.4) Long Blades
 + Level 1.0 Throwing
 + Level 4.1 Dodging
 + Level 3.4 Stealth
 + Level 0.2 Unarmed Combat
 + Level 4.8 Spellcasting
 + Level 6.5 Necromancy


You had 11 spell levels left.
You knew the following spells:

 Your Spells              Type           Power      Damage    Failure   Level
a - Necrotise             Necr           100%       1d9       1%          1
b - Animate Dead          Necr           26%        N/A       10%         4

Your spell library contained the following spells:

 Spells                   Type           Power      Damage    Failure   Level
 Kiss of Death            Conj/Necr      60%        2d10      3%          1
 Vampiric Draining        Necr           26%        2d7       3%          3
 Slow                     Hex            16%        N/A       14%         1
 Lesser Beckoning         Tloc           8%         N/A       22%         2
 Agony                    Necr           26%        N/A       28%         5
 Confusing Touch          Hex            4%         N/A       41%         3
 Gell's Gravitas          Tloc           4%         N/A       41%         3
 Hailstorm                Conj/Ice       4%         3d4       41%         3
 Ozocubu's Armour         Ice            4%         N/A       41%         3
 Teleport Other           Tloc           4%         N/A       41%         3
 Ice Form                 Ice/Tmut       4%         N/A       82%         4
 Simulacrum               Ice/Necr       7%         N/A       99%         6
 Ozocubu's Refrigeration  Ice            2%         4d7       100%        7


Dungeon Overview and Level Annotations

Branches:
Dungeon (6/15)             Temple (1/1) D:4

Altars:
Ashenzari
Cheibriados
Kikubaaqudgha
Makhleb
Nemelex Xobeh
Ru
Sif Muna
Trog
Wu Jian
Yredelemnul

Shops:
D:1 ?(((:

Annotations:
D:5 Dowan, Duvessa, Sigmund


Innate Abilities, Weirdness & Mutations

You have sharp fingernails.
You are mostly covered in rugged brown scales. (AC +2, +5% HP)
Your flesh is cold resistant. (rC+)
You are frail. (-10% HP)
Your muscles are strong. (Str +4, Int/Dex -1)


Message History

The wight throws a stone.
The stone hits you but does no damage.
A wight comes into view. It is wielding a +4 hand axe.
You see here a bullfrog corpse.
The wight attacks as you move away! The wight hits you with a +5 dagger!
You feel drained. The wight hits you with a +3 falchion!
You feel drained. The wight attacks as you move away! The wight misses you.
The wight attacks as you move away! The wight misses you.
Your orc priest skeleton barely misses the wight.
The wight attacks as you move away! The wight hits you with a +3 falchion.
Casting: Necrotise (safe; 1% risk of failure)
Confirm with . or Enter, or press ? or * to list all spells.
You can't see any susceptible monsters within range! (Use Z to cast anyway.) Unknown command.
You slash the wight!
The wight is severely damaged.
The wight attacks as you move away! The wight hits you with a +5 dagger.
You feel drained.
You hit the wight but do no damage. The wight hits you but does no damage.
You hit the wight but do no damage.
Something hits your orc priest skeleton!
The wight hits you with a +3 falchion.
You feel drained.
Your orc priest skeleton misses the wight.
The wight misses you.
Something hits your orc priest skeleton!
Your orc priest skeleton is destroyed!
You barely miss the wight. The wight attacks as you move away!
The wight hits you with a +5 dagger. The wight hits you with a +3 falchion.
The wight attacks as you move away! The wight hits you with a +5 dagger!
* * * LOW HITPOINT WARNING * * *
You feel drained.
* * * LOW HITPOINT WARNING * * *
Okay, then.
Okay, then.
The wight attacks as you move away! The wight barely misses you.
You barely miss the wight.
The wight is severely damaged.
The wight hits you with a +3 falchion!
You die...
Kikubaaqudgha rasps: "You have failed me!
Welcome... death!"

....... .....#
.......#####...###
#.^...z......?...#
..........$..#.#. # ..
..........#....#..# .#...
....##....†.#..##.##.....
.....[..#...†.......#....
........##.####z.........
..........z.z..z@........
..#.#....###...##.##.#..>
......#....<....#........
.......)...............##
...##..#..........#......
..###...###.###...##.....
..####..###.# ##.## .....
.....÷......# #..# ....
..####.####.# ##... ....


You could see 4 wights.

Vanquished Creatures
  A water moccasin (D:6)
  A black bear (D:4)
  An ice beast (D:5)
  2 ogres
  Blork the orc (D:5)
  2 bullfrogs
  2 scorpions
  2 necrophages (D:5)
  A wight (D:5)
  A howler monkey (D:5)
  A centaur zombie (D:5)
  2 bullfrog zombies (D:5)
  A jelly (D:4)
  A gnoll bouda (D:5)
  A human zombie (D:5)
  4 hounds
  2 orc priests
  3 iguanas
  A scorpion zombie (D:5)
  2 orc wizards
  4 mummies (D:5)
  Robin (D:3)
  2 gnolls (D:5)
  9 adders
  2 ufetubi (D:5)
  2 dart slugs (D:1)
  7 orcs
  4 bats
  7 endoplasms
  2 giant cockroaches
  10 goblins
  13 hobgoblins
  4 jackals (D:1)
  5 quokkas
  6 ball pythons
  4 frilled lizards
  8 kobolds
  8 rats
130 creatures vanquished.

Vanquished Creatures (collateral kills)
  2 gnolls (D:5)
  A dart slug (D:5)
  2 endoplasms (D:1)
  A bat (D:1)
  A kobold (D:1)
7 creatures vanquished.

Vanquished Creatures (others)
  A howler monkey (D:6)
  An orc wizard (D:5)
2 creatures vanquished.

Grand Total: 139 creatures vanquished

Notes
Turn   | Place    | Note
-------+----------+-------------------------------------------
     0 | D:1      | Pimp the Demonspawn Necromancer began the quest for the
                  | Orb.
     0 | D:1      | Reached XP level 1. HP: 13/13 MP: 3/3
   120 | D:1      | Found Suvuoph's Weapon Shoppe.
   190 | D:1      | Gained mutation: You are partially covered in rugged brown
                  | scales. (AC +1, +3% HP) [demonic ancestry]
   190 | D:1      | Reached XP level 2. HP: 11/20 MP: 1/5
   276 | D:1      | Found Dokomoso's Antique Weapon Shoppe.
   530 | D:1      | Found Saikhuoju's Weapon Shop.
   540 | D:1      | Reached XP level 3. HP: 25/25 MP: 4/6
   667 | D:1      | Learned a level 3 spell: Vampiric Draining
   849 | D:1      | Found Leqat's Book Shoppe.
   958 | D:1      | Found Isorep's Magic Scroll Shop.
  1771 | D:2      | Reached XP level 4. HP: 31/31 MP: 1/8
  2434 | D:3      | Reached skill level 1 in Short Blades
  2454 | D:3      | Reached skill level 5 in Necromancy
  2484 | D:3      | Gained mutation: You have a pair of small antennae on your
                  | head. [potion of mutation]
  2484 | D:3      | Gained mutation: You are robust. (+10% HP) [potion of
                  | mutation]
  2967 | D:3      | Found a bloodstained altar of Trog.
  3001 | D:3      | Noticed Robin
  3019 | D:3      | Reached skill level 1 in Fighting
  3043 | D:3      | Identified the +1 robe of Ignis's Supremacy {rF+ Slay+4}
  3201 | D:2      | Learned a level 4 spell: Animate Dead
  3442 | D:3      | Killed Robin
  3443 | D:3      | Gained mutation: You have sharp fingernails. [demonic
                  | ancestry]
  3443 | D:3      | Reached XP level 5. HP: 41/41 MP: 9/9
  3546 | D:3      | Found a snail-covered altar of Cheibriados.
  3798 | D:4      | Reached XP level 6. HP: 22/48 MP: 9/11
  3971 | D:4      | Found a sacrificial altar of Ru.
  4588 | D:4      | Found a staircase to the Ecumenical Temple.
  4597 | Temple   | Entered the Ecumenical Temple
  4602 | Temple   | Became a worshipper of Kikubaaqudgha
  4671 | D:4      | Reached skill level 1 in Long Blades
  5070 | D:5      | Entered Level 5 of the Dungeon
  5220 | D:5      | Reached XP level 7. HP: 54/55 MP: 12/12
  5452 | D:5      | Found a shimmering blue altar of Sif Muna.
  5592 | D:5      | Lost mutation: You have a pair of small antennae on your
                  | head. [potion of mutation]
  5592 | D:5      | Lost mutation: You are robust. (+10% HP) [potion of
                  | mutation]
  5592 | D:5      | Gained mutation: Your muscles are strong. (Str +4, Int/Dex
                  | -1) [potion of mutation]
  5592 | D:5      | Gained mutation: You are frail. (-10% HP) [potion of
                  | mutation]
  5592 | D:5      | Gained mutation: Your flesh is cold resistant. (rC+)
                  | [potion of mutation]
  5616 | D:5      | Found a burning altar of Makhleb.
  5617 | D:5      | Noticed Sigmund
  5635 | D:5      | Noticed Blork the orc
  5668 | D:5      | Killed Blork the orc
  5816 | D:5      | Noticed Duvessa
  5817 | D:5      | Noticed Dowan
  7154 | D:5      | Reached skill level 1 in Throwing
  7162 | D:5      | Found a basalt altar of Yredelemnul.
  7189 | D:5      | Reached skill level 6 in Necromancy
  7189 | D:5      | Gained mutation: You are mostly covered in rugged brown
                  | scales. (AC +2, +5% HP) [demonic ancestry]
  7189 | D:5      | Reached XP level 8. HP: 23/45 MP: 14/14
  7548 | D:5      | Reached * piety under Kikubaaqudgha
  7548 | D:5      | Received a gift from Kikubaaqudgha
  7718 | D:6      | Found a sparkling altar of Nemelex Xobeh.
  7954 | D:5      | Reached skill level 5 in Long Blades
  8157 | D:6      | Slain by a wight

Illustrated notes

Levels and vault maps discovered:
D:1:      eino_arrival_cavern_e, layout_rooms, serial_shops, shop,
          nicolae_shop_hallway_stairs, nicolae_shop_trees,
          nicolae_shop_competitors_out_of_business, nicolae_diamond_shop
D:2:      layout_basic, corexii_corridor_pit
D:3:      layout_loops_ring, marbit_many_paths, lightli_temple_of_fire,
          uniq_robin
D:4:      minmay_general_purpose_star, layout_basic,
          mainiacjoe_overflow_small_starburst, lemuel_temple_firewalk_b,
          kennysheep_crisscross
D:5:      layout_basic, lemuel_mausoleum_altar_yredelemnul, kennysheep_mini,
          mainiacjoe_overflow_cross_hatched, chequers_serial_rivers_large_a,
          uniq_duvessa, uniq_blork_the_orc, uniq_sigmund
D:6:      layout_rooms, nemelex_dance_club_becter, lemuel_crystal_altar,
          serial_shops, shop_statue, minmay_misc_feat_rows, uniq_menkaure
Temple:   nicolae_temple_ecumenical_triangle

Skill      XL: |  1  2  3  4  5  6  7  8 |
---------------+-------------------------+-----
Dodging        | 2 3 4 |  4.1
Short Blades   | 1 2 |  2.1
Stealth        | 2 3 |  3.4
Necromancy     | 5 6 |  6.5
Fighting       | 1 2 3 |  3.0
Spellcasting   | 3 4 |  4.8
Long Blades    | 2 3 5 |  5.1
Throwing       | 1 |  1.0
Unarmed Combat | |  0.2

Action                     |  1- 3 |  4- 6 |  7- 9 || total
---------------------------+-------+-------+-------++-------
  Melee: Unarmed           |    28 |       |       ||    28
         Short sword       |   171 |   123 |       ||   294
         Long sword        |       |    65 |   196 ||   261
         Punch             |       |       |     5 ||     5
  Throw: Dart              |       |     4 |    14 ||    18
         Boomerang         |       |     3 |       ||     3
   Cast: Necrotise         |    25 |    33 |    44 ||   102
         Vampiric Draining |     1 |       |       ||     1
         Animate Dead      |       |       |     1 ||     1
 Invoke: Unearth Wretches  |       |       |     1 ||     1
    Use: Potion            |     2 |     8 |    10 ||    20
         Scroll            |       |     9 |     5 ||    14
   Stab: Sleeping          |     3 |    11 |     2 ||    16
         Distracted        |     1 |     1 |       ||     2
         Paralysed         |       |       |     1 ||     1
 Armour: Robe              |    55 |    59 |    81 ||   195
         Skin              |       |       |    27 ||    27
  Dodge: Dodged            |   152 |   157 |   191 ||   500

Table legend: (Time is in decaauts)
 A = Elapsed time spent in this place.
 B = Non-inter-level travel time spent in this place.
 C = Inter-level travel time spent in this place.
 D = Time resting spent in this place.
 E = Time spent auto-exploring this place.
 F = Levels seen in this place.
 G = Mean time per level.
                   A        B        C        D        E       F      G
               +--------+--------+--------+--------+--------+-----+--------+
         Total |   8208 |   7902 |    306 |   1830 |   3971 |   7 | 1172.6 |
       Dungeon |   8196 |   7890 |    306 |   1830 |   3971 |   6 | 1366.0 |
        Temple |     12 |     12 |      0 |      0 |      0 |   1 |   12.0 |
               +--------+--------+--------+--------+--------+-----+--------+

Top non-repeatable levels by time:
     D:4: 2312 daAuts
     D:5: 1953 daAuts
     D:2: 1478 daAuts
     D:1: 1115 daAuts
     D:3: 963 daAuts
     D:6: 372 daAuts
  Temple: 12 daAuts
